 Dungeon Crawl Stone Soup version 0.32-a0-876-gcfddb08e57 (webtiles) character file.

Game seed: 18189749229100721725

64 porpoise the Shooter (level 3, -8/31 HPs)
             Began as a Minotaur Hunter on Apr 2, 2024.
             Mangled by an ogre
             ... wielding a +0 giant club
              (25 damage)
             ... on level 3 of the Dungeon.
             The game lasted 00:04:25 (1355 turns).

porpoise the Shooter (Minotaur Hunter)              Turns: 1355, Time: 00:04:25

Health: -8/31      AC:  6    Str: 15    XL:     3   Next: 91%
Magic:  2/2        EV: 10    Int:  6    God:
Gold:   161        SH:  0    Dex: 15    Spells: 2/2 levels left

rFire   . . .        b - +1 falchion (vamp)
rCold   . . .        (no shield)
rNeg    . . .        e - +0 ring mail
rPois   .            (helmet restricted)
rElec   .            j - +0 cloak
rCorr   .            (no gloves)
SInv    .            (no boots)
Will    .....        (no amulet)
Stlth   +            (no ring)
HPRegen 0.25/turn    (no ring)
MPRegen 0.08/turn

%: no passive effects
@: mighty
A: horns 2, retaliatory headbutt
a: no special abilities


You were on level 3 of the Dungeon.
You visited 1 branch of the dungeon, and saw 3 of its levels.

You collected 161 gold pieces.

Inventory:

Hand Weapons
 a - a +0 shortbow
 b - a +1 vampiric falchion (weapon)
Missiles
 s - 6 poisoned darts
Armour
 e - a +0 ring mail (worn)
 j - a +0 cloak (worn)
Jewellery
 q - a ring of fire
Scrolls
 c - a scroll of brand weapon {unknown}
 f - a scroll of blinking
 g - a scroll of noise {unknown}
 h - a scroll of butterflies
 n - a scroll of fear {unknown}
 p - a scroll of enchant weapon {unknown}
 r - a scroll of vulnerability {unknown}
Potions
 d - 2 potions of curing
 k - a potion of enlightenment
 l - 3 potions of mutation
 m - a potion of heal wounds
 o - a potion of lignification


   Skills:
 + Level 3.2 Fighting
 * Level 5.3 Ranged Weapons
 + Level 1.9 Armour
 - Level 2.1 Dodging
 - Level 0.7 Stealth


You had 2 spell levels left.
You didn't know any spells.
Your spell library contained the following spells:

 Spells                   Type           Power      Damage    Failure   Level
 Mercury Vapours          Alch/Air       0%         N/A       82%         2
 Mephitic Cloud           Conj/Alch/Air  0%         N/A       96%         3
 Freezing Cloud           Conj/Ice/Air   0%         6-21      100%        5


Dungeon Overview and Level Annotations

Branches:
Dungeon (3/15)

Altars:


Innate Abilities, Weirdness & Mutations

You have a pair of horns on your head.
You reflexively headbutt those who attack you in melee.


Message History

Items here: )) [ ††.
Found a robe.
c - a scroll labelled AWNAQYZXOIT An ogre comes into view.
It is wielding a +0 giant club.
The ogre shouts!
Okay, then.
Okay, then.
Unknown command.
Fire: a) +0 shortbow
Press: ? - help, Q - select action, (/) - cycle Shift-Dir - straight line, f - ogre
Aim: an ogre, wielding a +0 giant club (76% to hit)
You shoot an arrow.
The arrow hits the ogre but does no damage.
Fire: a) +0 shortbow
Press: ? - help, Q - select action, (/) - cycle Shift-Dir - straight line, f/p - ogre
Aim: an ogre, wielding a +0 giant club (76% to hit)
You shoot an arrow. The arrow closely misses the ogre.
Fire: a) +0 shortbow
Press: ? - help, Q - select action, (/) - cycle Shift-Dir - straight line, f/p - ogre
Aim: an ogre, wielding a +0 giant club (76% to hit)
You shoot an arrow.
The arrow hits the ogre but does no damage.
Fire: a) +0 shortbow
Press: ? - help, Q - select action, (/) - cycle Shift-Dir - straight line, f/p - ogre
Aim: an ogre, wielding a +0 giant club (76% to hit)
You shoot an arrow. The arrow hits the ogre.
The ogre is lightly wounded.
You feel a sense of dread.
b - a +1 vampiric falchion (weapon)
The ogre closely misses you.
Okay, then.
You feel very mighty all of a sudden.
You hit the ogre. Your headbutt misses the ogre.
The ogre is lightly wounded.
The ogre hits you with a +0 giant club!
You hit the ogre.
The ogre is lightly wounded.
The ogre hits you with a +0 giant club!!
Ouch! That really hurt!
You die...

......
##...#.
....$. #....
#...
#..######
#.O......
#+### #@#
#....## #.#
#.###.###.#
##.#[......#
##....#.#####
#####......##
.....#....##
#......#
####.###


You could see an ogre.

Vanquished Creatures
  Natasha (D:2)
  A dart slug (D:1)
  4 orcs (D:3)
  2 endoplasms
  2 giant cockroaches (D:2)
  2 hobgoblins (D:1)
  5 kobolds
  2 quokkas
  5 ball pythons
  4 bats
  2 frilled lizards (D:1)
  2 goblins
  3 rats
35 creatures vanquished.

Notes
Turn   | Place    | Note
-------+----------+-------------------------------------------
     0 | D:1      | porpoise the Minotaur Hunter began the quest for the Orb.
     0 | D:1      | Reached XP level 1. HP: 18/18 MP: 0/0
   170 | D:1      | Reached XP level 2. HP: 25/25 MP: 1/1
   373 | D:1      | Reached skill level 1 in Armour
   854 | D:2      | Reached skill level 5 in Ranged Weapons
   973 | D:2      | Reached XP level 3. HP: 30/30 MP: 2/2
   985 | D:2      | Noticed Natasha
   989 | D:2      | Killed Natasha
  1347 | D:3      | Noticed an ogre
  1355 | D:3      | Mangled by an ogre

Illustrated notes

Levels and vault maps discovered:
D:1:      tarquinn_simple_flora_water_f, layout_loops_cross,
          minmay_shallow_snake_nest
D:2:      layout_rooms, uniq_natasha
D:3:      layout_loops_corners

Skill      XL: |  1  2  3 |
---------------+----------+-----
Armour         | 1 |  1.9
Ranged Weapons | 5 |  5.3
Fighting       | 3 |  3.2
Dodging        | |  2.1
Stealth        | |  0.7

Action                     || total
---------------------------++-------
  Melee: Falchion          ||     6
   Fire: Shortbow          ||   103
    Use: Scroll            ||     7
         Potion            ||     1
 Armour: Ring mail         ||    31
  Dodge: Dodged            ||    33

Table legend: (Time is in decaauts)
 A = Elapsed time spent in this place.
 B = Non-inter-level travel time spent in this place.
 C = Inter-level travel time spent in this place.
 D = Time resting spent in this place.
 E = Time spent auto-exploring this place.
 F = Levels seen in this place.
 G = Mean time per level.
                   A        B        C        D        E       F      G
               +--------+--------+--------+--------+--------+-----+--------+
         Total |   1388 |   1343 |     45 |     89 |    997 |   3 |  462.7 |
       Dungeon |   1388 |   1343 |     45 |     89 |    997 |   3 |  462.7 |
               +--------+--------+--------+--------+--------+-----+--------+

Top non-repeatable levels by time:
     D:1: 745 daAuts
     D:2: 419 daAuts
     D:3: 223 daAuts
